 Dungeon Crawl Stone Soup version 0.23.2-1-ga50397a6bc (webtiles) character file.

Game seed: 14921570050280668720

2 MisterOstroum the Cudgeler (level 1, 18/18 HPs)
             Began as a Minotaur Warper on May 2, 2019.
             Got out of the dungeon alive.
             The game lasted 00:01:18 (73 turns).

MisterOstroum the Cudgeler (Minotaur Warper)          Turns: 73, Time: 00:01:18

Health: 18/18      AC:  3    Str: 15    XL:     1   Next: 25%
Magic:  1/1        EV: 12    Int: 10    God:
Gold:   0          SH:  0    Dex:  9    Spells: 2/2 levels left

rFire    . . .     SeeInvis .   a - +0 mace
rCold    . . .     Gourm    .   (no shield)
rNeg     . . .     Faith    .   b - +0 leather armour
rPois    .         Spirit   .   (helmet restricted)
rElec    .         Reflect  .   (no cloak)
rCorr    .         Harm     .   (no gloves)
MR       .....                  (no boots)
Stlth    +.........             (no amulet)
HPRegen  0.06/turn              (no ring)
MPRegen  0.07/turn              (no ring)

@: no status effects
A: retaliatory headbutt, horns 2
a: no special abilities


You escaped.
You were not hungry.

You visited 1 branch of the dungeon, and saw 1 of its levels.

Inventory:

Hand Weapons
 a - a +0 mace (weapon)
Missiles
 f - 5 tomahawks of dispersal (quivered)
Armour
 b - a +0 leather armour (worn)
Scrolls
 d - a scroll of blinking {@r4}
Potions
 c - a potion of haste {unknown}
Comestibles
 e - a ration
 g - a chunk of flesh


   Skills:
 + Level 2.5 Fighting
 + Level 2.5 Maces & Flails
 - Level 1.0 Throwing
 - Level 1.2 Armour
 - Level 2.1 Dodging
 - Level 1.3 Spellcasting
   Level 2.1 Translocations


You had 2 spell levels left.
You didn't know any spells.
Your spell library contained the following spells:

 Spells                   Type           Power        Failure   Level  Hunger
 Blink                    Tloc           N/A          26%         2    ###....
 Shroud of Golubria       Chrm/Tloc      #.........   36%         2    ###....
 Gell's Gravitas          Tloc           #.........   45%         3    ####...
 Lesser Beckoning         Tloc           #.........   45%         3    ####...
 Teleport Other           Tloc           #.......     45%         3    ####...
 Passage of Golubria      Tloc           N/A          86%         4    #####..


Dungeon Overview and Level Annotations

Branches:
Dungeon (1/15)

Altars:


Innate Abilities, Weirdness & Mutations

You reflexively headbutt those who attack you in melee.
You have a pair of horns on your head.


Message History

e - a ration;
f - 5 tomahawks of dispersal (quivered)
Welcome, MisterOstroum the Minotaur Warper.
It is said that the Orb of Zot exists deep within this dungeon.
Press ? for a list of commands and other information.
Found a sedimented brown potion.
Found a staircase leading out of the dungeon.
Setting a skill training target for Maces & Flails at 14.0.
c - a sedimented brown potion You open the door.
There is an open door here.
A goblin comes into view.
The goblin shouts!
A bat comes into view.
You closely miss the bat. The bat barely misses you.
You hit the goblin.
The goblin is severely wounded.
The bat completely misses you. The goblin hits you but does no damage.
You closely miss the goblin.
The goblin is severely wounded.
The bat completely misses you. The goblin closely misses you.
The goblin barely misses you.
You hit the goblin but do no damage.
The goblin is severely wounded.
The bat barely misses you. The goblin hits you.
You hit the goblin.
You kill the goblin!
The bat misses you. The bat misses you. The bat barely misses you.
The bat hits you but does no damage.
You barely miss the bat. Your headbutt misses the bat.
The bat closely misses you.
You thump the bat!
You kill the bat!
No target in view!
No target in view!
No target in view!
No target in view!
No target in view!
No target in view!
No target in view!
No target in view!
No target in view!
No target in view!
No target in view!
No target in view!
No target in view!
No target in view!
No target in view!
No target in view!
No target in view!
No target in view!
No target in view!
No target in view!
No target in view!
No target in view!
You don't know any spells.
HP restored.
You butcher the goblin corpse.
g - a chunk of flesh You see here a goblin skeleton. x2
Found a stone staircase leading down.
Okay, then.
Saving game... please wait.
Welcome back, MisterOstroum the Minotaur Warper.
Press ? for a list of commands and other information.
You open the door.
There is an open door here.
There is an open door here.
There is an open door here.
There is a staircase leading out of the dungeon here.
Are you sure you want to leave the Dungeon?
This will make you lose the game!
You have escaped!

....################
#................#
##..#########รท...........#
#........................#
>...########'####........#
# #.......#........#
#.8.8.8.#........#
#.......#........#
+.8.@.8.'........#
#.......#........#
#.8.8.8.#.########
#.......#.# ####+####.# ..#
###


There were no monsters in sight!

Vanquished Creatures
  A bat (D:1)
  A goblin (D:1)
2 creatures vanquished.

Notes
Turn   | Place    | Note
-------+----------+-------------------------------------------
     0 | D:1      | MisterOstroum the Minotaur Warper began the quest for the
                  | Orb.
     0 | D:1      | Reached XP level 1. HP: 18/18 MP: 1/1
    73 | D:$      | Got out of the dungeon alive.

Action                   || total
-------------------------++-------
Melee: Mace              ||     7
Armor: Leather armour    ||     2
Dodge: Dodged            ||    10
